 Dungeon Crawl Stone Soup version 0.22.1-2-g9c5b331 (webtiles) character file.

781 Malhgor the Cleaver (level 7, -3/64 HPs)
             Began as a Minotaur Berserker on Dec 15, 2018.
             Was a Priest of Trog.
             Slain by Grinder (5 damage)
             ... while paralysed by Grinder
             ... on level 4 of the Dungeon.
             The game lasted 00:09:33 (2995 turns).

Malhgor the Cleaver (Minotaur Berserker)            Turns: 2995, Time: 00:09:34

Health: -3/64      AC:  4    Str: 22    XL:     7   Next: 55%
Magic:  0/6        EV:  2    Int:  6    God:    Trog [***...]
Gold:   193        SH:  0    Dex:  9    Spells: 6/6 levels left

rFire    . . .     SeeInvis .   s - +1 war axe
rCold    . . .     Gourm    .   (no shield)
rNeg     . . .     Faith    .   d - +1 leather armour
rPois    .         Spirit   +   (helmet restricted)
rElec    .         Reflect  .   (no cloak)
rCorr    +         Harm     .   (no gloves)
MR       .....                  (no boots)
Stlth    +.........             p - amulet of guardian spirit
HPRegen  0.20/turn              b - ring of resist corrosion
MPRegen  0.10/turn              l - ring of resist corrosion

@: paralysed
A: retaliatory headbutt, horns 2
a: Berserk, Trog's Hand, Renounce Religion


You were on level 4 of the Dungeon.
You worshipped Trog.
Trog was most pleased with you.
You were not hungry.

You visited 1 branch of the dungeon, and saw 4 of its levels.

You collected 193 gold pieces.

Inventory:

Hand Weapons
 s - a +1 war axe (weapon)
Missiles
 j - 21 arrows
Armour
 d - a +1 leather armour (worn)
Jewellery
 b - a ring of resist corrosion (left hand)
 l - a ring of resist corrosion (right hand)
 p - an amulet of guardian spirit (around neck)
Scrolls
 e - 2 scrolls of teleportation
 g - a scroll of blinking
 h - 2 scrolls of identify
 r - a scroll of remove curse
 v - a scroll of immolation {unknown}
Potions
 a - a potion of brilliance {unknown}
 f - a potion of might {unknown}
 i - 3 potions of heal wounds {unknown}
 k - 3 potions of agility {unknown}
 t - a potion of flight {unknown}
Comestibles
 c - 7 rations
 u - 4 chunks of flesh


   Skills:
 + Level 6.8 Fighting
 * Level 9.1 Axes
 - Level 2.4 Armour
 - Level 2.1 Dodging


You had 6 spell levels left.
You didn't know any spells.
Your spell library was empty.

Dungeon Overview and Level Annotations

Branches:
Dungeon (4/15)
 Temple: D:4-7

Altars:
Dithmenos
Okawaru

Annotations:
D:1 Done
D:2 Done
D:4 Grinder


Innate Abilities, Weirdness & Mutations

You reflexively headbutt those who attack you in melee.
You have a pair of horns on your head.


Message History

You closely miss Grinder. You headbutt Grinder.
Grinder is almost dead.
Grinder barely misses you.
You hit Grinder. Your headbutt misses Grinder.
Grinder is almost dead.
Grinder barely misses you.
You closely miss Grinder.
Grinder is almost dead.
Grinder hits you!
* * * LOW HITPOINT WARNING * * *
You writhe in agony.
* * * LOW HITPOINT WARNING * * *
Grinder gestures at you.
You suddenly lose the ability to move!
Grinder hits you!
* * * LOW HITPOINT WARNING * * *
Grinder hits you!
* * * LOW HITPOINT WARNING * * *
You writhe in agony.
You die...

..##....##### #.......,*
..##........#####.......,* *****
..##....###..##........,,****,,,*
..##....####.##.#......,.,,,,,*,*
..##.....###.......#*##..,*****,*
..######.##.......##.....,,,,,,,*
.#######....#........#*,,,,*,****
......##.......##..###*,,**,,*
................@5..#,,,**,,**
......##......####....#,*,,**
.................,.......,,*
..............#..,.......,**
........)...............#**
.............#..........#
.......#.........*......#
...............,,,,,,,,,****
........,,,,,,,,**,,,,,,,,,*


You could see Grinder.

Vanquished Creatures
  Menkaure (D:4)
  An ogre (D:3)
  A phantom (D:4)
  A bullfrog (D:2)
  Blork the orc (D:4)
  A hound (D:4)
  3 orc priests
  An iguana (D:4)
  2 orc wizards
  7 adders
  A gnoll (D:1)
  3 worms
  3 dart slugs
  5 leopard geckos
  8 orcs
  5 giant cockroaches
  7 goblins
  3 hobgoblins
  8 jackals
  10 bats
  4 frilled lizards
  7 kobolds
  7 rats
90 creatures vanquished.

Notes
Turn   | Place    | Note
-------+----------+-------------------------------------------
     0 | D:1      | Malhgor the Minotaur Berserker began the quest for the Orb.
     0 | D:1      | Reached XP level 1. HP: 19/19 MP: 0/0
    45 | D:2      | Reached skill level 4 in Axes
    45 | D:2      | Reached XP level 2. HP: 27/27 MP: 1/1
   260 | D:1      | Reached XP level 3. HP: 30/33 MP: 2/2
   493 | D:1      | Reached skill level 5 in Axes
   650 | D:1      | Reached ** piety under Trog
   908 | D:1      | Reached XP level 4. HP: 39/41 MP: 3/3
  1364 | D:3      | Found an iron altar of Okawaru.
  1382 | D:3      | Noticed an ogre
  1389 | D:3      | Killed an ogre
  1389 | D:3      | Reached skill level 5 in Fighting
  1389 | D:3      | Reached skill level 6 in Axes
  1389 | D:3      | Reached XP level 5. HP: 48/48 MP: 4/4
  1662 | D:3      | Reached skill level 7 in Axes
  1662 | D:3      | Reached XP level 6. HP: 33/56 MP: 5/5
  1671 | D:3      | Reached *** piety under Trog
  1893 | D:2      | You fall through a shaft for 2 floors!
  1893 | D:4      | Noticed Blork the orc
  1904 | D:4      | Killed Blork the orc
  2533 | D:4      | Noticed Menkaure
  2538 | D:4      | Killed Menkaure
  2538 | D:4      | Reached skill level 8 in Axes
  2538 | D:4      | Reached XP level 7. HP: 63/63 MP: 6/6
  2599 | D:3      | Found a shadowy altar of Dithmenos.
  2867 | D:4      | HP: 3/64 [phantom (6)]
  2909 | D:4      | Reached skill level 9 in Axes
  2981 | D:4      | Noticed Grinder
  2993 | D:4      | Paralysed by Grinder for 6 turns
  2995 | D:4      | HP: 2/64 [Grinder (6)]
  2995 | D:4      | Slain by Grinder

Skill      XL: |  1  2  3  4  5  6  7 |
---------------+----------------------+-----
Axes           | 4 5 6 7 8 9 |  9.1
Fighting       | 4 5 6 |  6.8
Armour         | |  2.4
Dodging        | |  2.1

Action                   |  1- 3 |  4- 6 |  7- 9 || total
-------------------------+-------+-------+-------++-------
Melee: Hand axe          |    81 |   110 |     6 ||   197
       Headbutt          |     5 |    21 |     7 ||    33
       War axe           |       |       |    39 ||    39
Invok: Berserk           |     1 |     3 |       ||     4
       Trog's Hand       |       |       |     1 ||     1
  Use: Scroll            |       |       |     7 ||     7
  Eat: Chunk             |     1 |     7 |     3 ||    11
Armor: Leather armour    |    33 |    19 |     8 ||    60
Dodge: Dodged            |    51 |    70 |    19 ||   140
